Map: Rhoskallian LE

Players

Bratan - Winner!

  • Race: Terran Terran
  • League: Gold
  • Spawn Location: 6:00

llllllllllll - Winner!

  • Race: Terran Terran
  • Spawn Location: 5:00

Ekelpack

  • Race: Zerg Zerg
  • Spawn Location: 12:00

Nyck

  • Race: Terran Terran
  • Spawn Location: 11:00

VOD

Have the link to the VOD?

Description

Time

  • Played on: Oct. 2, 2024, 1:05 p.m.
  • Length: 11:16
Show
View Real Time Build Order
Export as new Build Order

Bratan Terran - Winner!

Build Orders: Cyclone Opening 

Get SALT Encoding   

  12  0:20  SCV  
  13  0:29  Supply Depot  
  13  0:32  SCV  
  14  0:43  Refinery  
  14  0:44  SCV  
  15  0:56  SCV  
  16  0:57  Barracks  
  16  1:05  Refinery  
  16  1:08  SCV  
  17  1:20  SCV  
  18  1:26  Supply Depot  
  18  1:30  Supply Depot  
  18  1:32  SCV  
  19  1:45  SCV  
  20  1:47  Bunker  
  20  1:49  Bunker  
  20  1:58  SCV, Factory  
  21  2:02  Marine  
  22  2:10  SCV  
  23  2:22  SCV  
  24  2:23  Command Center  
  24  2:25  Marine  
  25  2:34  SCV  
  26  2:43  Marine  
  27  2:44  Starport  
  27  2:46  SCV  
  27  2:47  Starport  
  27  2:48  Starport, Cyclone  
  30  2:58  SCV  
  30  3:04  Marine  
  32  3:20  Cyclone  
  32  3:22  Fusion Core, Marine  
  32  3:25  Starport Tech Lab  
  32  3:26  Starport Tech Lab  
  35  3:28  Supply Depot  
  35  3:35  Starport Tech Lab, SCV  
  35  3:38  Refinery  
  35  3:39  Marine  
  37  3:48  SCV  
  38  3:50  Supply Depot  
  38  4:00  SCV  
  39  4:09  Battlecruiser  
  51  4:10  Battlecruiser  
  51  4:11  Battlecruiser  
  51  4:12  SCV  
  51  4:14  Weapon Refit  
  51  4:16  Factory Tech Lab  
  59  4:24  SCV  
  59  4:25  Refinery  
  59  4:30  Marine  
  60  4:36  SCV  
  60  4:38  Siege Tank, Engineering Bay  
  64  4:46  Orbital Command  
  64  4:48  SCV, Marine  
  66  5:00  SCV  
  67  5:09  Terran Infantry Weapons Level 1  
  67  5:10  Siege Tank  
  67  5:12  Supply Depot  
  70  5:17  SCV, Battlecruiser  
  77  5:29  SCV  
  77  5:34  Battlecruiser  
  84  5:41  SCV  
  82  6:11  Cyclone  
  78  6:37  Battlecruiser  
  77  6:43  Cyclone  
  78  7:02  Battlecruiser  
  78  7:03  Supply Depot  
  84  7:11  Orbital Command  
  86  7:19  Supply Depot  
  86  7:25  Battlecruiser  
  86  7:26  Supply Depot  
  92  7:30  Marine  
  93  7:37  Widow Mine  
  93  7:41  Bunker  
  93  7:46  Battlecruiser  
  93  7:48  Marine  
  100  7:59  Widow Mine  
  100  8:00  SCV  
  103  8:06  Marine  
  103  8:12  SCV  
  105  8:17  Battlecruiser  
  111  8:20  Widow Mine  
  111  8:24  SCV, Marine  
  115  8:36  SCV  
  116  8:42  Marine  
  116  8:44  Supply Depot  
  116  8:45  Siege Tank, Battlecruiser  
  116  8:46  Terran Infantry Armor Level 1  
  126  9:06  SCV  
  127  9:17  Siege Tank  
Show
View Real Time Build Order
Export as new Build Order

llllllllllll Terran - Winner!

Build Orders:  

Get SALT Encoding   

  12  0:07  Refinery  
  12  0:08  SCV  
  12  0:09  Refinery  
  13  0:23  Supply Depot  
  13  0:29  SCV  
  14  0:41  SCV  
  15  0:54  SCV  
  16  1:14  SCV  
  17  1:26  SCV  
  18  1:38  SCV  
  19  1:51  SCV  
  20  2:03  SCV  
  21  2:15  SCV  
  22  8:02  Command Center  
Show
View Real Time Build Order
Export as new Build Order

Ekelpack Zerg 

Build Orders: Pool First 

Get SALT Encoding   

  12  0:01  Drone  
  13  0:13  Overlord  
  13  0:19  Drone  
  14  0:32  Drone  
  15  0:39  Spawning Pool  
  14  0:43  Drone  
  14  0:47  Extractor  
  14  0:51  Drone  
  15  1:00  Drone  
  15  1:01  Drone  
  17  1:20  Extractor  
  17  1:21  Overlord  
  17  1:25  Queen  
  18  1:35  Roach Warren  
  18  1:36  Drone  
  18  1:40  Drone  
  19  1:47  Drone  
  19  1:51  Drone  
  21  2:08  Overlord  
  21  2:16  Roach  
  23  2:35  Roach x4  
  23  2:36  Roach  
  33  2:43  Lair  
  33  2:48  Drone  
  34  2:59  Drone  
  35  3:15  Hatchery  
  34  3:23  Overlord  
  34  3:25  Drone  
  35  3:32  Drone  
  36  3:46  Evolution Chamber  
  36  3:47  Hydralisk Den  
  34  4:12  Zerg Missile Weapons Level 1  
  34  4:15  Glial Reconstitution  
  34  4:17  Grooved Spines  
  34  4:26  Overseer  
  34  4:28  Pneumatized Carapace  
  34  4:35  Queen  
  34  4:37  Drone x2  
  38  4:45  Drone  
  39  4:53  Drone x2  
  41  5:00  Drone x2  
  43  5:07  Drone x2  
  45  5:16  Drone x2  
  29  5:37  Hydralisk  
  29  5:38  Hydralisk x2  
  29  6:04  Hydralisk  
  29  6:05  Hydralisk x2  
  35  6:22  Hydralisk  
  31  7:00  Hatchery  
  30  7:10  Spawning Pool  
  30  7:11  Drone  
  30  7:12  Drone  
  30  7:13  Extractor  
  30  7:33  Drone x4  
  34  7:39  Overlord  
  34  7:49  Extractor  
  33  7:53  Drone x2  
  35  8:00  Lair  
  35  8:18  Queen  
  37  8:30  Drone  
  38  8:34  Drone x2  
  40  8:47  Drone x3  
  40  9:29  Extractor  
  40  9:30  Extractor  
  8  10:26  Hatchery  
Show
View Real Time Build Order
Export as new Build Order

Nyck Terran 

Build Orders: 2 Factory, Hellion Opening 

Get SALT Encoding   

  12  0:02  SCV  
  13  0:16  Supply Depot  
  13  0:18  SCV  
  14  0:30  SCV  
  14  0:35  Refinery  
  15  0:42  Barracks  
  15  0:46  SCV  
  16  0:58  SCV  
  17  1:06  Supply Depot  
  17  1:10  SCV  
  18  1:23  SCV  
  19  1:37  Factory  
  19  1:41  Orbital Command  
  19  1:42  Refinery  
  19  2:02  Barracks Reactor  
  19  2:06  SCV  
  20  2:18  SCV  
  21  2:23  Factory  
  21  2:27  Factory Tech Lab  
  21  2:30  SCV  
  22  2:43  SCV  
  23  2:46  Infernal Pre-Igniter  
  23  2:52  Supply Depot  
  23  2:53  Hellion  
  23  2:55  SCV  
  26  3:07  SCV  
  27  3:14  Engineering Bay  
  27  3:16  Hellion  
  27  3:18  Hellion x2  
  27  3:19  SCV  
  34  3:28  Supply Depot  
  34  3:31  SCV  
  35  3:38  Hellion  
  35  3:39  Hellion  
  39  3:44  Armory  
  39  3:50  Hellion  
  39  3:51  Supply Depot  
  41  3:57  SCV  
  42  4:05  Hellion x2  
  42  4:09  SCV  
  49  4:20  Siege Tank  
  50  4:24  Supply Depot  
  50  4:25  SCV  
  51  4:32  Terran Vehicle And Ship Armor Level 1  
  51  4:42  Command Center  
  51  4:46  SCV  
  52  4:53  Siege Tank  
  55  5:30  Thor  
  61  5:45  Missile Turret  
  61  5:47  Missile Turret  
  61  5:50  Missile Turret  
  61  5:55  Missile Turret  
  55  6:13  Thor  
  43  6:56  Thor  
  49  7:03  Command Center  
  49  7:12  Terran Vehicle And Ship Armor Level 2  
  49  7:20  Factory Tech Lab  
  49  7:21  Smart Servos  
  49  7:25  SCV  
  50  7:39  Thor  
  56  7:51  Command Center  
  56  8:16  SCV  
  57  8:33  Thor x2  
  63  8:35  Thor  
  69  8:41  SCV  
  70  8:53  SCV  
  70  8:54  Thor x5  
  71  8:57  Refinery  
  71  9:01  Refinery  
  71  9:06  SCV  
  72  9:28  Thor  
  68  10:04  Thor  
Tags
 
Add a new tag
Caveats
  • Supply blocks, unpowered buildings, or Contaminate may cause inaccurate times.
  • Supply counts are checked every 10 seconds.